 Dungeon Crawl Stone Soup version 0.29-a0-866-g0545e20025 (webtiles) character file.

Game seed: 9302911190525452922

931 Malachi the Frost Mage (level 7, 0/36 HPs)
             Began as a Vampire Ice Elementalist on July 16, 2022.
             Was an Initiate of Vehumet.
             Slain by Menkaure (6 damage)
             ... on level 5 of the Dungeon.
             The game lasted 00:07:05 (3532 turns).

Malachi the Frost Mage (Vampire Ice Elementalist)   Turns: 3532, Time: 00:07:06

Health: 0/36       AC:  3    Str:  7    XL:     7   Next: 86%
Magic:  13/13      EV: 12    Int: 19    God:    Vehumet [......]
Gold:   367        SH:  0    Dex: 15    Spells: 7/14 levels left

rFire   . . .      SeeInvis +   r - +4 dagger (freeze)
rCold   + + .      Faith    .   (no shield)
rNeg    + + +      Spirit   .   s - +1 robe of Distant Shores {rPois}
rPois   ∞          Reflect  .   (no helmet)
rElec   .          Harm     .   (no cloak)
rCorr   .          Rampage  .   (no gloves)
Will    .....                   (no boots)
Stlth   +++++.....              (no amulet)
HPRegen 0.00/turn               (no ring)
MPRegen 0.13/turn               (no ring)

@: bloodless, inhibited regen
A: bloodless, fangs 3, see invisible, vampiric 2
a: Bat Form, Revivify, Renounce Religion


You were on level 5 of the Dungeon.
You worshipped Vehumet.
Vehumet was noncommittal.
You visited 2 branches of the dungeon, and saw 6 of its levels.

You collected 367 gold pieces.

Inventory:

Hand Weapons
 c - a +3 dagger
 r - a +4 dagger of freezing (weapon)
Armour
 s - the +1 robe of Distant Shores (worn) {rPois}
   (You found it on level 4 of the Dungeon)

   rPois:     It protects you from poison.
Jewellery
 e - an amulet of faith
 g - a ring of flight
Scrolls
 a - a scroll of poison
 h - a scroll of identify
 i - 2 scrolls of blinking
 k - a scroll of immolation {unknown}
 l - a scroll of teleportation {unknown}
 m - a scroll of fog {unknown}
 o - a scroll of noise {unknown}
Potions
 b - 2 potions of magic
 d - a potion of experience {unknown}
 f - 4 potions of curing {unknown}
 n - a potion of invisibility {unknown}
 p - 2 potions of flight {unknown}
 q - 2 potions of haste {unknown}
 t - a potion of heal wounds {unknown}


   Skills:
 + Level 3.1 Short Blades
 - Level 2.2 Dodging
 + Level 5.6 Stealth
 - Level 4.0 Spellcasting
 - Level 8.0 Ice Magic


You had 7 spell levels left.
You knew the following spells:

 Your Spells              Type           Power      Damage    Failure   Level
a - Freeze                Ice            100%       1d11      1%          1
b - Frozen Ramparts       Ice            68%        1d8       1%          3
c - Ozocubu's Armour      Ice            34%        N/A       1%          3

Your spell library contained the following spells:

 Spells                   Type           Power      Damage    Failure   Level
 Hailstorm                Conj/Ice       19%        3d6       26%         4


Dungeon Overview and Level Annotations

Branches:
Dungeon (5/15)             Temple (1/1) D:4

Altars:
Ashenzari
Cheibriados
Dithmenos
Fedhas
Gozag
Hepliaklqana
Kikubaaqudgha
Makhleb
Nemelex Xobeh
Qazlal
Ru
Sif Muna
Trog
Vehumet
Wu Jian
Xom
Yredelemnul

Shops:
D:4 (

Annotations:
D:5 Menkaure


Innate Abilities, Weirdness & Mutations

You do not regenerate when monsters are visible.
You are frail without blood (-20% HP).
You can heal yourself when you bite living creatures.
You are immune to poison.
You have razor-sharp teeth.
You have supernaturally acute eyesight. (SInv)
You are afflicted with vampirism and can become a bat while bloodless.


Message History

Unknown command.
The frozen ramparts melt away.
Found a stone staircase leading down.
You see here a scorpion corpse.
Things that are here:
a +0 flail; a +0 leather armour
h - a scroll of identify
Found 7 stones.
Menkaure, Prince of Dust comes into view.
You see here a scroll labelled KOFROPHUASA.
You begin bloodletting.
You continue bloodletting. x5
You become bloodless.
Menkaure shouts!
Found a scroll labelled XUCZOF WUIL.
You barely miss Menkaure. You barely miss Menkaure. You bite Menkaure.
Menkaure is lightly damaged.
Menkaure closely misses you.
You hit Menkaure but do no damage.
Menkaure is lightly damaged.
Menkaure hits you but does no damage.
You hit Menkaure but do no damage.
Menkaure is lightly damaged.
You hit Menkaure. You freeze Menkaure. You bite Menkaure.
Menkaure is heavily damaged.
Menkaure hits you!
You hit Menkaure. You bite Menkaure, but do no damage.
Menkaure is heavily damaged.
Menkaure closely misses you.
You hit Menkaure.
Menkaure is severely damaged.
Menkaure hits you!!
Ouch! That really hurt!
* * * LOW HITPOINT WARNING * * *
You barely miss Menkaure. You bite Menkaure, but do no damage.
Menkaure is severely damaged.
You hit Menkaure. Your punch misses Menkaure. You bite Menkaure.
Menkaure is almost destroyed.
Menkaure hits you.
You die...

#......###.#.#.....#
#..........#.#.....#
+......+..#†....?...
#......##..†)#..>..#
#......##.##.# ...
#......##.#..###.###
#########.#.........
#.......#...##.#.#
#.....M@#.?.#
#...........+
#?..........#
#..(.......##
#..........#
#..........#
#..........#
########...# #...#


You could see Menkaure.

Vanquished Creatures
  A hornet (D:5)
  A black bear (D:5)
  A phantom (D:4)
  2 scorpions
  A hound (D:5)
  A gnoll bouda (D:5)
  An orc priest (D:4)
  Jessica (D:2)
  An iguana (D:4)
  Natasha (thrice) (D:2)
  2 orc wizards (D:4)
  4 gnolls (D:5)
  4 adders
  2 worms
  3 dart slugs
  13 orcs
  7 ball pythons
  2 bats
  5 endoplasms
  3 giant cockroaches
  5 goblins
  8 hobgoblins
  9 quokkas
  A frilled lizard (D:3)
  5 kobolds
  A rat (D:1)
87 creatures vanquished.

Vanquished Creatures (others)
  2 plants
2 creatures vanquished.

Grand Total: 89 creatures vanquished

Notes
Turn   | Place    | Note
-------+----------+-------------------------------------------
     0 | D:1      | Malachi the Vampire Ice Elementalist began the quest for
                  | the Orb.
     0 | D:1      | Reached XP level 1. HP: 13/13 MP: 3/3
   154 | D:1      | Reached XP level 2. HP: 7/19 MP: 1/5
   824 | D:2      | Noticed Jessica
   831 | D:2      | Killed Jessica
   832 | D:2      | Gained mutation: You are afflicted with vampirism and can
                  | become a bat while bloodless. [Vampire growth]
   832 | D:2      | Reached XP level 3. HP: 16/21 MP: 1/8
   896 | D:2      | Noticed Natasha
   904 | D:2      | Killed Natasha
   905 | D:2      | Reached XP level 4. HP: 22/27 MP: 3/10
  1058 | D:2      | Noticed Natasha
  1078 | D:2      | Killed Natasha
  1131 | D:2      | Noticed Natasha
  1139 | D:2      | Killed Natasha
  1431 | D:2      | You fall into a shaft and drop 2 floors!
  1436 | D:4      | Noticed a scorpion
  1471 | D:2      | Reached skill level 5 in Ice Magic
  1471 | D:2      | Reached XP level 5. HP: 31/31 MP: 11/11
  1575 | D:3      | Learned a level 3 spell: Frozen Ramparts
  1579 | D:3      | Learned a level 3 spell: Ozocubu's Armour
  2203 | D:4      | Identified the +1 robe of Distant Shores {rPois}
  2222 | D:4      | Found Qiaxoatz's Antique Weapon Emporium.
  2226 | D:4      | Noticed a phantom
  2247 | D:4      | Killed a phantom
  2248 | D:4      | Reached skill level 6 in Ice Magic
  2324 | D:4      | Reached XP level 6. HP: 20/41 MP: 4/12
  2461 | D:4      | Found a staircase to the Ecumenical Temple.
  2478 | Temple   | Entered the Ecumenical Temple
  2666 | Temple   | Became a worshipper of Vehumet
  2782 | D:4      | Reached skill level 7 in Ice Magic
  2784 | D:4      | HP: 2/41 [iguana (12)]
  3149 | D:5      | Entered Level 5 of the Dungeon
  3173 | D:5      | Reached XP level 7. HP: 9/46 MP: 6/13
  3340 | D:5      | Noticed a hornet
  3345 | D:5      | Paralysed by a hornet for 3 turns
  3345 | D:5      | Killed a hornet
  3346 | D:5      | Reached skill level 8 in Ice Magic
  3346 | D:5      | Reached skill level 1 in Short Blades
  3455 | D:5      | Reached skill level 5 in Stealth
  3510 | D:5      | Noticed Menkaure
  3532 | D:5      | Slain by Menkaure

Illustrated notes

Levels and vault maps discovered:
D:1:      dreamdust_arrival_beginning_and_end, layout_basic,
          minmay_misc_feat_plants, hangedman_abyss_or_decor_stabs, minmay_tall_x
D:2:      layout_rooms, uniq_natasha, uniq_jessica
D:3:      layout_rooms, corexii_shack, palyth_stone_intersect
D:4:      layout_cave_pools, minmay_temple_entry_tees, serial_shops,
          nicolae_shop_overgrown_old_shop
D:5:      layout_basic, st_stairs_3, feat_on_display, uniq_menkaure
Temple:   nicolae_temple_slightly_damp_pantheon

Skill      XL: |  1  2  3  4  5  6  7 |
---------------+----------------------+-----
Spellcasting   | 3 4 |  4.0
Ice Magic      | 5 6 7 8 |  8.0
Short Blades   | 3 |  3.1
Stealth        | 5 |  5.6
Dodging        | |  2.2

Action                   |  1- 3 |  4- 6 |  7- 9 || total
-------------------------+-------+-------+-------++-------
Melee: Dagger            |    13 |    96 |    17 ||   126
       Bite              |     2 |     9 |     6 ||    17
       Punch             |       |       |     1 ||     1
 Cast: Freeze            |    32 |    33 |     5 ||    70
       Frozen Ramparts   |       |     4 |     3 ||     7
       Ozocubu's Armour  |       |     1 |       ||     1
 Abil: Exsanguinate      |     1 |       |     1 ||     2
       Revivify          |     1 |       |       ||     1
  Use: Scroll            |       |     4 |       ||     4
 Stab: Sleeping          |       |     8 |       ||     8
Armor: Robe              |     8 |    15 |     8 ||    31
Dodge: Dodged            |    20 |    55 |    17 ||    92

Table legend: (Time is in decaauts)
 A = Elapsed time spent in this place.
 B = Non-inter-level travel time spent in this place.
 C = Inter-level travel time spent in this place.
 D = Time resting spent in this place.
 E = Time spent auto-exploring this place.
 F = Levels seen in this place.
 G = Mean time per level.
                   A        B        C        D        E       F      G
               +--------+--------+--------+--------+--------+-----+--------+
         Total |   3530 |   3417 |    113 |    375 |   2380 |   6 |  588.3 |
       Dungeon |   3327 |   3250 |     77 |    375 |   2236 |   5 |  665.4 |
        Temple |    202 |    166 |     36 |      0 |    144 |   1 |  202.0 |
               +--------+--------+--------+--------+--------+-----+--------+

Top non-repeatable levels by time:
     D:4: 933 daAuts
     D:1: 788 daAuts
     D:2: 717 daAuts
     D:3: 505 daAuts
     D:5: 381 daAuts
  Temple: 202 daAuts
